 Dungeon Crawl Stone Soup version 0.29-a0-474-gdfe5cd140f (webtiles) character file.

Game seed: 17853653621360307833

9 GetThatOrb the Bolt Thrower (level 2, 0/17 HPs)
             Began as a Gargoyle Hunter on May 23, 2022.
             Slain by a worm (7 damage)
             ... on level 2 of the Dungeon.
             The game lasted 00:02:58 (1086 turns).

GetThatOrb the Bolt Thrower (Gargoyle Hunter)       Turns: 1086, Time: 00:02:58

Health: 0/17       AC: 10    Str: 14    XL:     2   Next: 16%
Magic:  2/2        EV:  6    Int:  9    God:
Gold:   192        SH:  0    Dex: 13    Spells: 1/1 levels left

rFire   . . .      SeeInvis .   h - +0 spear
rCold   . . .      Faith    .   (no shield)
rNeg    + . .      Spirit   .   l - +0 chain mail
rPois   ∞          Reflect  .   (no helmet)
rElec   +          Harm     .   (no cloak)
rCorr   .          Rampage  .   (no gloves)
Will    .....                   (no boots)
Stlth   ..........              (no amulet)
HPRegen 0.05/turn               (no ring)
MPRegen 0.08/turn               (no ring)

@: no status effects
A: sickness immunity, AC +2, negative energy resistance 1, electricity
resistance, torment resistance 1, petrification resistance
a: no special abilities


You were on level 2 of the Dungeon.
You visited 1 branch of the dungeon, and saw 2 of its levels.

You collected 192 gold pieces.

Inventory:

Hand Weapons
 a - a +1 hand crossbow
 h - a +0 spear (weapon)
Missiles
 d - 73 stones (quivered)
Armour
 b - a +0 leather armour
 i - a +0 scale mail
 l - a +0 chain mail (worn)
Jewellery
 k - an amulet of faith
Scrolls
 c - a scroll of immolation
 e - 2 scrolls of identify {unknown}
 g - a scroll of enchant armour {unknown}
 j - a scroll of acquirement {unknown}
Potions
 f - 3 potions of heal wounds {unknown}


   Skills:
 + Level 2.2 Fighting
 + Level 4.3 Crossbows
 + Level 1.7 Dodging
 + Level 1.1 Stealth


You had one spell level left.
You didn't know any spells.
Your spell library was empty.

Dungeon Overview and Level Annotations

Branches:
Dungeon (2/15)

Altars:

Shops:
D:2 *


Innate Abilities, Weirdness & Mutations

You are immune to sickness and miasma.
Your stone body is resilient. (AC +2)
You are immune to poison.
You resist negative energy. (rN+)
You are resistant to electric shocks. (rElec)
You are resistant to unholy torment.
You are immune to petrification.


Message History

Aim: a worm (moderately wounded, about 21% to evade your +0 spear)
You hit the worm.
The worm is moderately wounded.
You see here a hobgoblin corpse.
a - a +1 hand crossbow (weapon)
You are too injured to fight recklessly!
You are too injured to fight recklessly!
You are too injured to fight recklessly!
Shoot: a) +1 hand crossbow
Press: ? - help, Q - select action, (/) - cycle Shift-Dir - straight line, f/p - worm
Aim: a worm (80% to hit)
You shoot a bolt. The bolt hits the worm.
The worm is moderately wounded.
Shoot: a) +1 hand crossbow
Press: ? - help, Q - select action, (/) - cycle Shift-Dir - straight line, f/p - worm
Aim: a worm (lightly wounded, 80% to hit)
You shoot a bolt. The bolt hits the worm.
The worm is heavily wounded.
Shoot: a) +1 hand crossbow
Press: ? - help, Q - select action, (/) - cycle Shift-Dir - straight line, f/p - worm
Aim: a worm (moderately wounded, 80% to hit)
You shoot a bolt. The bolt completely misses the worm.
Shoot: a) +1 hand crossbow
Press: ? - help, Q - select action, (/) - cycle Shift-Dir - straight line, f/p - worm
Aim: a worm (lightly wounded, 80% to hit)
You shoot a bolt. The bolt hits the worm.
The worm is moderately wounded.
Shoot: a) +1 hand crossbow
Press: ? - help, Q - select action, (/) - cycle Shift-Dir - straight line, f/p - worm
Aim: a worm (lightly wounded, 80% to hit)
You shoot a bolt. The bolt hits the worm!
The worm is heavily wounded.
Shoot: a) +1 hand crossbow
Press: ? - help, Q - select action, (/) - cycle Shift-Dir - straight line, f/p - worm
Aim: a worm (heavily wounded, 80% to hit)
You shoot a bolt. The bolt barely misses the worm.
The worm bites you.
h - a +0 spear (weapon)
The worm bites you!
You die...

.................#
.#######.#.#.#.#.#
#.#.#.#.#.#
#.#.†.#.#.#
#.###.#.#.# #.#
#.#.<.# #.###.#...#
#........w##
#######.#@.# #.#..#
#####.#..#
#........#
#.###.#..#
#+########.###.#..#
.............†.#..#
...#######.##..#..#
...# #.##..#..####


You could see a worm.

Vanquished Creatures
  2 hobgoblins
  A kobold (D:1)
  2 bats (D:1)
  A frilled lizard (D:1)
  A goblin (D:1)
  4 rats
11 creatures vanquished.

Vanquished Creatures (others)
  A fungus (D:1)
  6 toadstools (D:1)
7 creatures vanquished.

Grand Total: 18 creatures vanquished

Notes
Turn   | Place    | Note
-------+----------+-------------------------------------------
     0 | D:1      | GetThatOrb the Gargoyle Hunter began the quest for the Orb.
     0 | D:1      | Reached XP level 1. HP: 12/12 MP: 1/1
   693 | D:1      | Reached XP level 2. HP: 17/17 MP: 2/2
  1012 | D:2      | Found Foij's Assorted Antiques.
  1086 | D:2      | Slain by a worm

Illustrated notes

Levels and vault maps discovered:
D:1:      lightli_arrival_maybe_door_vault, layout_basic,
          minmay_gold_behind_fungi
D:2:      layout_basic, serial_shops, shop_statue, minmay_misc_feat_ornament

Action                   || total
-------------------------++-------
Melee: Spear             ||     3
 Fire: Hand crossbow     ||    34
Armor: Leather armour    ||     2
       Scale mail        ||     2
Dodge: Dodged            ||     2

Table legend: (Time is in decaauts)
 A = Elapsed time spent in this place.
 B = Non-inter-level travel time spent in this place.
 C = Inter-level travel time spent in this place.
 D = Time resting spent in this place.
 E = Time spent auto-exploring this place.
 F = Levels seen in this place.
 G = Mean time per level.
                   A        B        C        D        E       F      G
               +--------+--------+--------+--------+--------+-----+--------+
         Total |   1103 |   1048 |     55 |    100 |    725 |   2 |  551.5 |
       Dungeon |   1103 |   1048 |     55 |    100 |    725 |   2 |  551.5 |
               +--------+--------+--------+--------+--------+-----+--------+

Top non-repeatable levels by time:
     D:1: 925 daAuts
     D:2: 178 daAuts
